 Dungeon Crawl Stone Soup version 0.26-b1-32-g5d43845318 (webtiles) character file.

Game seed: 15956956581211256216

175 DearestLeader the Chopper (level 5, -1/46 HPs)
             Began as a Minotaur Fighter on Jan 5, 2021.
             Killed from afar by a white imp (5 damage)
             ... with a puff of frost
             ... on level 3 of the Dungeon.
             The game lasted 00:04:39 (1775 turns).

DearestLeader the Chopper (Minotaur Fighter)        Turns: 1775, Time: 00:04:39

Health: -1/46      AC:  8    Str: 21    XL:     5   Next: 29%
Magic:  4/4        EV:  7    Int:  5    God:
Gold:   127        SH:  9    Dex: 10    Spells: 4/4 levels left

rFire    + . .     SeeInvis .   a - +0 war axe
rCold    . . .     Faith    .   c - +0 kite shield
rNeg     . . .     Spirit   .   b - +0 scale mail
rPois    .         Reflect  .   (helmet restricted)
rElec    .         Harm     .   (no cloak)
rCorr    .         Rampage  .   s - +0 pair of gloves
Will     +....                  (no boots)
Stlth    ..........             (no amulet)
HPRegen  0.15/turn              m - ring of protection from fire
MPRegen  0.09/turn              l - ring of willpower

@: no status effects
A: retaliatory headbutt, horns 2
a: no special abilities


You were on level 3 of the Dungeon.
You visited 1 branch of the dungeon, and saw 3 of its levels.

You collected 127 gold pieces.

Inventory:

Hand Weapons
 a - a +0 war axe (weapon)
Missiles
 g - 18 poisoned darts (quivered)
Armour
 b - a +0 scale mail (worn)
 c - a +0 kite shield (worn)
 s - a +0 pair of gloves (worn)
Jewellery
 f - an uncursed ring of ice
 l - a ring of willpower (right hand)
 m - a ring of protection from fire (left hand)
 p - an uncursed ring of ice
 r - an uncursed ring of poison resistance {unknown}
Scrolls
 h - 3 scrolls of teleportation
 i - 2 scrolls of blinking
 j - a scroll of enchant weapon
 k - 4 scrolls of remove curse
Potions
 d - a potion of might
 e - a potion of flight {unknown}
 n - 2 potions of haste
 o - a potion of heal wounds
 q - a potion of berserk rage {unknown}
 t - a potion of curing {unknown}


   Skills:
 + Level 4.1 Fighting
 * Level 4.9 Axes
 + Level 4.6 Armour
 + Level 4.7 Shields


You had 4 spell levels left.
You didn't know any spells.
Your spell library was empty.

Dungeon Overview and Level Annotations

Branches:
Dungeon (3/15)

Altars:
Ru


Innate Abilities, Weirdness & Mutations

You reflexively headbutt those who attack you in melee.
You have a pair of horns on your head.


Message History

The puff of frost hits you.
* * * LOW HITPOINT WARNING * * *
You barely miss the white imp.
The white imp is almost dead.
The white imp gestures at you. The puff of frost hits you.
* * * LOW HITPOINT WARNING * * *
The white imp gestures at you.
The puff of frost hits you but does no damage.
You hit the white imp but do no damage. Your headbutt misses the white imp.
The white imp is almost dead.
The white imp hits you.
* * * LOW HITPOINT WARNING * * *
The white imp freezes you.
* * * LOW HITPOINT WARNING * * *
You barely miss the white imp.
The white imp is severely wounded.
The white imp gestures at you. The puff of frost hits you.
You die...

#######...#............###
##.##.####.........#
...##.# ###...###.##
#.#.##.# #...# #..#
♣.♣♣##.# ##.## ##.## ♣ ♣.#
#.## #..# ♣.# #..# ##.#####
♣♣########.#####)....#
♣....@5.)...........#
.⌠......#####....####.....#
....P♣♣## #....# #.....#
...P #....# #.....# P.
#..###.# ####.## #..# #.#
.# #.5# #.# .# ...# #.


You could see a white imp.

Vanquished Creatures
  An orc priest (D:3)
  An orc wizard (D:3)
  5 adders
  2 worms
  A dart slug (D:1)
  4 leopard geckos
  3 orcs (D:3)
  5 giant cockroaches
  7 goblins
  7 hobgoblins
  3 kobolds
  A quokka (D:2)
  3 ball pythons
  5 bats
  6 frilled lizards
  7 rats
61 creatures vanquished.

Vanquished Creatures (others)
  2 plants (D:3)
2 creatures vanquished.

Grand Total: 63 creatures vanquished

Notes
Turn   | Place    | Note
-------+----------+-------------------------------------------
     0 | D:1      | DearestLeader the Minotaur Fighter began the quest for the
                  | Orb.
     0 | D:1      | Reached XP level 1. HP: 19/19 MP: 0/0
   171 | D:1      | Reached XP level 2. HP: 24/26 MP: 1/1
   862 | D:2      | Reached XP level 3. HP: 24/31 MP: 2/2
  1421 | D:2      | Found a sacrificial altar of Ru.
  1440 | D:2      | Reached XP level 4. HP: 39/39 MP: 3/3
  1546 | D:3      | Reached XP level 5. HP: 17/46 MP: 4/4
  1775 | D:3      | Killed from afar by a white imp

Illustrated notes

Levels and vault maps discovered:
D:1:      dpeg_arrival_connections, layout_basic, minmay_misc_feat_nine_boxes
D:2:      layout_rooms, nicolae_ru_awakened_eye
D:3:      layout_loops_ring, serial_forest, infiniplex_forest_clump_tiny,
          infiniplex_forest_straight_2, infiniplex_forest_lined_room_2,
          infiniplex_forest_fountain, infiniplex_forest_clump_diagonal,
          infiniplex_forest_fountain, infiniplex_forest_corner_2,
          infiniplex_forest_end_2, infiniplex_forest_join,
          gup_sewer_entry_spiral, minivault_24

Skill      XL: |  1  2  3  4 |
---------------+-------------+-----
Axes           | 3 4 |  4.9
Armour         | 4 |  4.6
Shields        | 4 |  4.7
Fighting       | 4 |  4.1

Action                   |  1- 3 |  4- 6 || total
-------------------------+-------+-------++-------
Melee: War axe           |    99 |    67 ||   166
       Headbutt          |    11 |     7 ||    18
  Use: Scroll            |     4 |     3 ||     7
       Potion            |     1 |       ||     1
Armor: Scale mail        |    65 |    15 ||    80
Dodge: Dodged            |    30 |    19 ||    49
Block: Kite shield       |    58 |    29 ||    87
